 Dungeon Crawl Stone Soup version 0.28.0 (webtiles) character file.

Game seed: 5203672957496026940

71 trckry the Stinger (level 4, -7/36 HPs)
             Began as a Naga Venom Mage on Feb 13, 2022.
             Engulfed by a cloud of flame (16 damage)
             ... on level 2 of the Dungeon.
             The game lasted 00:06:26 (2167 turns).

trckry the Stinger (Naga Venom Mage)                Turns: 2167, Time: 00:06:27

Health: -7/36      AC:  2    Str: 11    XL:     4   Next: 24%
Magic:  8/8        EV:  9    Int: 17    God:
Gold:   52         SH:  0    Dex: 11    Spells: 2/8 levels left

rFire   . . .      SeeInvis +   m - +1 dagger (protect)
rCold   . . .      Faith    .   (no shield)
rNeg    . . .      Spirit   .   a - +0 robe
rPois   +          Reflect  .   (no helmet)
rElec   .          Harm     .   (no cloak)
rCorr   .          Rampage  .   (no gloves)
Will    .....                   (no barding)
Stlth   ++........              b - amulet of regeneration
HPRegen 0.92/turn               (no ring)
MPRegen 0.11/turn               (no ring)

@: very slow
A: AC +1, large, see invisible, deformed body, poison resistance, slowness 2,
spit poison 1, naga tail 1
a: Spit Poison


You were on level 2 of the Dungeon.
You visited 1 branch of the dungeon, and saw 2 of its levels.

You collected 52 gold pieces.

Inventory:

Hand Weapons
 m - a +1 dagger of protection (weapon)
Armour
 a - a +0 robe (worn)
Jewellery
 b - an amulet of regeneration (around neck)
 j - a ring of protection from cold
Scrolls
 c - a scroll of holy word {unknown}
 d - a scroll of acquirement {unknown}
 f - 2 scrolls of identify {unknown}
 g - a scroll of vulnerability {unknown}
 h - a scroll of fear {unknown}
 k - a scroll of enchant weapon {unknown}
 l - a scroll of magic mapping {unknown}
 n - a scroll of silence {unknown}
Potions
 e - a potion of degeneration {unknown}
 i - 2 potions of curing {unknown}


   Skills:
 - Level 1.5 Dodging
 - Level 3.0 Stealth
 + Level 2.6 Spellcasting
 + Level 0.2 Conjurations
 + Level 2.1 Transmutations
 + Level 1.3 Air Magic
 + Level 4.8 Poison Magic


You had 2 spell levels left.
You knew the following spells:

 Your Spells              Type           Power      Damage    Failure   Level
a - Sting                 Tmut/Pois      56%        1d5       4%          1
b - Poisonous Vapours     Pois/Air       24%        N/A       8%          2
c - Mephitic Cloud        Conj/Pois/Air  9%         N/A       22%         3

Your spell library contained the following spells:

 Spells                   Type           Power      Damage    Failure   Level
 Corpse Rot               Necr/Air       8%         N/A       22%         2
 Olgreb's Toxic Radiance  Pois           18%        N/A       24%         4
 Dispel Undead            Necr           2%         3d7       87%         4
 Death Channel            Necr           1%         N/A       100%        6


Dungeon Overview and Level Annotations

Branches:
Dungeon (2/15)

Altars:

Shops:
D:1 [


Innate Abilities, Weirdness & Mutations

Your serpentine skin is tough. (AC +1)
You have supernaturally acute eyesight. (SInv)
Armour fits poorly on your strangely shaped body.
Your system is resistant to poisons. (rPois)
You cover ground very slowly.
You can spit poison.
You have a snake-like lower body.


Message History

Press: ? - help, Shift-Dir - straight line, f/p - ball python
Aim: a ball python (severely wounded, poisoned, 68% to hit)
The sting misses the ball python.
You kill the ball python!
Found 30 stones.
There is a stone staircase leading down here.
A goblin comes into view. It is wielding a +0 club.
Casting: Sting (safe; 4% risk of failure)
Confirm with . or Enter, or press ? or * to list all spells.
Aiming: Sting (safe; 4% risk of failure)
Press: ? - help, Shift-Dir - straight line, f - goblin
Aim: a goblin, wielding a +0 club (asleep, 100% to hit)
The sting hits the goblin.
The goblin is poisoned.
You kill the goblin!
You see here a +0 club.
Found 11 gold pieces.
You now have 52 gold pieces (gained 11).
Things that are here:
a +0 whip; a +0 dagger; 4 stones You see here 6 boomerangs.
There is a stone staircase leading up here.
You see here 27 stones.
You open the door.
There is an open door here.
Found an escape hatch in the ceiling.
There is an open door here.
There is a stone staircase leading down here.
There is a stone staircase leading up here.
You see here 6 boomerangs.
You see here 18 stones.
Partly explored, can't reach some items and places.
Partly explored, can't reach some items and places.
Really slither into a travel-excluded area?
Really slither into that cloud of flame?
You are engulfed in blazing flames.
Ouch! That really hurt!
* * * LOW HITPOINT WARNING * * *
Really slither into that cloud of flame?
You are engulfed in blazing flames.
You die...

########## #........#
#...#####.# #°§§# #.#
#○°°# #.# ## #.§°#
#.#####)
######...#####.......
##.☼§°..(..§.§..####..
#..§°@...[.§°○..# #..
#..○§§.!/...§☼.## #..
#.#####...##########..
#.# #.§§# #....... #.#
#☼°§# #....... #.#
#§..# #.####.# #.#
#...### #.# #.# #.#
#.##.# #.# #.# #.#
#....# #.# #.#


There were no monsters in sight!

Vanquished Creatures
  4 adders (D:2)
  2 dart slugs
  An endoplasm (D:2)
  4 goblins
  3 hobgoblins (D:1)
  7 kobolds
  3 quokkas
  2 ball pythons
  3 bats
  2 rats (D:1)
31 creatures vanquished.

Notes
Turn   | Place    | Note
-------+----------+-------------------------------------------
     0 | D:1      | trckry the Naga Venom Mage began the quest for the Orb.
     0 | D:1      | Reached XP level 1. HP: 15/15 MP: 3/3
    31 | D:1      | Found Zivouhy's Antique Armour Boutique.
   130 | D:1      | HP: 1/15 [goblin (5)]
   135 | D:1      | Reached XP level 2. HP: 1/22 MP: 1/5
   436 | D:1      | Learned a level 2 spell: Poisonous Vapours
   931 | D:2      | Found a faded altar of an unknown god.
  1030 | D:2      | Reached XP level 3. HP: 26/28 MP: 2/6
  1285 | D:2      | Reached skill level 1 in Air Magic
  1506 | D:2      | Reached XP level 4. HP: 36/36 MP: 3/7
  1510 | D:2      | Learned a level 3 spell: Mephitic Cloud
  2167 | D:2      | Engulfed by a cloud of flame

Illustrated notes

Levels and vault maps discovered:
D:1:      minmay_arrival_up_and_down, layout_rooms, serial_shops, shop_fountains
D:2:      layout_loops_ring, ebering_ecumenical_altar_mist, grunt_ministairs_4,
          lemuel_flame_loot_1

Skill      XL: |  1  2  3 |
---------------+----------+-----
Air Magic      | 1 |  1.3
Transmutations | 2 |  2.1
Dodging        | |  1.5
Stealth        | |  3.0
Spellcasting   | |  2.6
Conjurations   | |  0.2
Poison Magic   | |  4.8

Action                   |  1- 3 |  4- 6 || total
-------------------------+-------+-------++-------
Melee: Unarmed           |     1 |       ||     1
       Dagger            |     8 |       ||     8
 Cast: Sting             |    44 |     5 ||    49
       Poisonous Vapours |     2 |     2 ||     4
Armor: Robe              |    11 |       ||    11
Dodge: Dodged            |    28 |     2 ||    30
